 Dungeon Crawl Stone Soup version 0.15-a0-756-g319e367 (webtiles) character file.

539 4tharraofdagon the Insei (level 7, -18/57 HPs)
             Began as a Red Draconian Transmuter on May 12, 2014.
             Demolished by a two-headed ogre
             ... wielding a +0,+0 giant club
              (29 damage)
             ... on Level 5 of the Dungeon.
             The game lasted 00:07:40 (1399 turns).

4tharraofdagon the Insei (Red Draconian Transmuter) Turns: 1399, Time: 00:07:40

HP -18/57        AC  7     Str 17      XL: 7   Next:  5%
MP   4/15        EV 13     Int 13      God:
Gold 81          SH  0     Dex 14      Spells:  2 memorised,  8 levels left

rFire  + . .     SeeInvis .       - Unarmed
rCold  . . .     Clarity  +     (armour unavailable)
rNeg   . . .     Conserve +     (no shield)
rPois  .         rCorr    .     (helmet restricted)
rElec  .         rRot     .     (no cloak)
SustAb . .       Spirit   .     (no gloves)
rMut   .         Warding  .     m - +0 pair of boots
Gourm  .         Stasis   .     l - amulet of conservation
MR     .....                    (no ring)
                                g - +5 ring of strength

@: very slightly contaminated, bribing [], not resistant to hostile
enchantments, very unstealthy
A: breathe fire, unfitting armour, blurry vision 1, clarity, fire resistance 1,
sense surroundings 1, AC +6
a: Breathe Fire


You were on level 5 of the Dungeon.
You were hungry.

You visited 1 branch of the dungeon, and saw 5 of its levels.

You collected 81 gold pieces.

Inventory:

Missiles
 b - 12 arrows
 o - 2 tomahawks
 t - 10 darts of flame (quivered)
Armour
 f - a +0 shield
 m - a +0 pair of boots (worn)
Magical devices
 s - a wand of frost (9) {unknown}
Comestibles
 a - 2 bread rations
 i - 2 meat rations
Scrolls
 c - 2 scrolls of enchant weapon I {unknown}
 h - 2 scrolls of identify {unknown}
 k - 3 scrolls of remove curse {unknown}
 p - a scroll of enchant weapon II {unknown}
 q - 2 scrolls of amnesia {unknown}
 r - a scroll of immolation {unknown}
 u - a scroll of teleportation {unknown}
Jewellery
 g - a +5 ring of strength (left hand)
 j - an uncursed amulet of clarity
 l - an amulet of conservation (around neck)
 n - an uncursed amulet of stasis
Potions
 e - 2 potions of curing
Books
 d - a book of Changes

   Spells                             Type                      Level
   *Beastly Appendage                 Transmutation                1
   Sticks to Snakes                   Transmutation                2
   *Spider Form                       Transmutation/Poison         3
   Ice Form                           Ice/Transmutation            4
   Blade Hands                        Transmutation                5


   Skills:
 + Level 3.6 Fighting
 + Level 2.9 Dodging
 * Level 5.2 Unarmed Combat
 + Level 3.4 Spellcasting
 + Level 3.6 Transmutations


You had 8 spell levels left.
You knew the following spells:

 Your Spells              Type           Power        Failure   Level  Hunger
a - Beastly Appendage     Trmt           ##....       8%          1    #......
b - Spider Form           Trmt/Pois      #.........   34%         3    ###....


Dungeon Overview and Level Annotations

Branches:
Dungeon (5/15)             Temple (0/1) D:5

Altars:
Kikubaaqudgha
Nemelex Xobeh
Sif Muna
Xom
Zin

Shops:
D:4 :


Innate Abilities, Weirdness & Mutations

You can breathe blasts of fire.*
Your fiery red scales are hard (AC +6).*
Your body does not fit into most forms of armour.
Your cold-blooded metabolism reacts poorly to cold.
Your flesh is heat resistant.*
Your vision is a little blurry.
You possess an exceptional clarity of mind.
You passively map a small area around you.


Message History

An orc priest comes into view. It is wielding a club.
Unknown command.
Enter note: WTF Unknown command.
* * * LOW HITPOINT WARNING * * *
You feel sick.
Unknown command.
* * * LOW HITPOINT WARNING * * *
You feel sick.
Unknown command.
Unknown command.
* * * LOW HITPOINT WARNING * * *
You feel sick.
Unknown command.
Unknown command.
Drink which item? (? for menu, Esc to quit)
You feel better. The two-headed ogre barely misses you.
The two-headed ogre hits you with a giant club!
Ouch! That really hurt!
You die...

... .....................### ..
........................ , . ..
.........%.............. ... #.
,..#.....#.....#........ .(..
#.###.#.###.#.###.#........
.....#.....#.....#..%..#........
,#.....#..)..#....%#........###
#.###.#.###.#.###.#........# ,
#.....#..$..#@....#........#
#.....#.o...#..O..#...........#
.### #o###)#!###.#...........#
#..!..#?....#...........#
...#.....#..............#
,###.#.###.#..............# * ,
.#. ...#.....######...# , o..
.........+....'...### ,
.............#....#......


You could see a two-headed ogre.

Vanquished Creatures
  A hungry ghost (D:5)
  A centaur (D:5)
  A giant frog (D:5)
  An orc priest (D:5)
  2 hounds (D:4)
  An orc wizard (D:5)
  3 worker ants
  A big kobold zombie (D:5)
  A giant mite (D:4)
  2 adders
  An iguana skeleton (D:5)
  A giant gecko (D:4)
  2 orcs (D:5)
  5 bats
  3 hobgoblins
  8 jackals
  A giant cockroach (D:3)
  2 giant newts
  7 goblins
  3 kobolds
  3 rats
  A rat skeleton (D:5)
51 creatures vanquished.

Notes
Turn   | Place    | Note
--------------------------------------------------------------
     0 | D:1      | 4tharraofdagon, the Draconian Transmuter, began the quest for the Orb.
     0 | D:1      | Reached XP level 1. HP: 16/16 MP: 3/3
     4 | D:1      | Noticed an iron imp
     5 | D:1      | Noticed Catricor the pandemonium lord
     8 | D:1      | Gained mutation: Your vision is a little blurry. [potion of mutation]
     8 | D:1      | Gained mutation: You passively map a small area around you. [potion of mutation]
     8 | D:1      | Gained mutation: You possess an exceptional clarity of mind. [potion of mutation]
    10 | D:1      | Noticed an iron imp
    13 | D:1      | Noticed an Executioner
    16 | D:1      | Noticed a sun demon
    26 | D:1      | Noticed a reaper
    28 | D:1      | Noticed a red devil
    97 | D:2      | Found a shimmering altar of Xom.
   166 | D:2      | Reached XP level 2. HP: 18/23 MP: 4/4
   579 | D:3      | Reached XP level 3. HP: 25/28 MP: 6/6
   598 | D:3      | Found a sparkling altar of Nemelex Xobeh.
   601 | D:3      | Found an ancient bone altar of Kikubaaqudgha.
   604 | D:3      | Found a glowing silver altar of Zin.
   726 | D:4      | Learned a level 3 spell: Spider Form
   747 | D:4      | Reached XP level 4. HP: 26/36 MP: 0/8
   868 | D:4      | Found Eronk's Book Emporium.
   875 | D:4      | Reached skill level 4 in Unarmed Combat
   971 | D:5      | Entered Level 5 of the Dungeon
  1022 | D:5      | Reached XP level 5. HP: 23/42 MP: 9/9
  1072 | D:5      | Found a staircase to the Ecumenical Temple.
  1206 | D:5      | Found a deep blue altar of Sif Muna.
  1245 | D:5      | Noticed a giant frog
  1257 | D:5      | Killed a giant frog
  1257 | D:5      | Reached XP level 6. HP: 31/51 MP: 1/12
  1287 | D:5      | Noticed a hungry ghost
  1287 | D:5      | Noticed a phantom
  1321 | D:5      | Killed a hungry ghost
  1352 | D:5      | Noticed a centaur
  1364 | D:5      | Killed a centaur
  1364 | D:5      | Reached skill level 5 in Unarmed Combat
  1364 | D:5      | Your scales start taking on a fiery red colour.
  1364 | D:5      | Gained mutation: Your flesh is heat resistant. [draconian maturity]
  1364 | D:5      | Reached XP level 7. HP: 33/57 MP: 2/15
  1388 | D:5      | Noticed a two-headed ogre
  1396 | D:5      | WTF
  1397 | D:5      | HP: 2/57 [poisoned by miscasting Spider Form (residual poison)]
  1399 | D:5      | Demolished by a two-headed ogre

Action                   |  1- 3 |  4- 6 |  7- 9 || total
-------------------------+-------+-------+-------++-------
Melee: Unarmed           |   100 |   114 |    12 ||   226
 Cast: Spider Form       |     1 |     8 |       ||     9
  Use: Potion            |     3 |     1 |     1 ||     5
 Stab: Sleeping          |       |     1 |       ||     1

Vault maps used:
D:1:      wheals_arrival_demonology
D:2:      kennysheep_goblin_castle, overflow_temple_1_default
D:3:      grunt_temple_overflow_diamond
D:4:      serial_shops, shop
D:5:      hangedman_cross_stitches, lemuel_round_altar,
          lemuel_zombie_altar_yredelemnul, minmay_temple_entry_from_below_b,
          first_bread, uniq_eustachio
